 Dungeon Crawl Stone Soup version 0.29-a0-289-g2178c42546 (webtiles) character file.

Game seed: 4157356166361373668

22 Dabor the Skirmisher (level 2, 0/19 HPs)
             Began as a Gargoyle Fighter on Mar 17, 2022.
             Slain by Sigmund
             ... wielding a +0 scythe
              (2 damage)
             ... on level 1 of the Dungeon.
             The game lasted 00:01:48 (1488 turns).

Dabor the Skirmisher (Gargoyle Fighter)             Turns: 1488, Time: 00:01:49

Health: 0/19       AC: 10    Str: 19    XL:     2   Next: 91%
Magic:  2/2        EV:  9    Int:  8    God:
Gold:   30         SH:  4    Dex:  9    Spells: 1/1 levels left

rFire   . . .      SeeInvis .   a - +0 flail
rCold   . . .      Faith    .   c - +0 buckler
rNeg    + . .      Spirit   .   b - +1 scale mail
rPois   ∞          Reflect  .   (no helmet)
rElec   +          Harm     .   (no cloak)
rCorr   .          Rampage  .   (no gloves)
Will    .....                   (no boots)
Stlth   ..........              (no amulet)
HPRegen 0.06/turn               (no ring)
MPRegen 0.08/turn               (no ring)

@: no status effects
A: sickness immunity, AC +2, negative energy resistance 1, electricity
resistance, torment resistance 1, petrification resistance
a: no special abilities


You were on level 1 of the Dungeon.
You visited 1 branch of the dungeon, and saw 2 of its levels.

You collected 30 gold pieces.

Inventory:

Hand Weapons
 a - a +0 flail (weapon)
Armour
 b - a +1 scale mail (worn)
 c - a +0 buckler (worn)
Scrolls
 f - 2 scrolls of identify {unknown}
 g - 2 scrolls of enchant armour
 h - a scroll of immolation {unknown}
 i - a scroll of acquirement {unknown}
Potions
 d - a potion of might
 e - 2 potions of curing
 j - a potion of resistance {unknown}


   Skills:
 + Level 3.6 Fighting
 + Level 2.3 Maces & Flails
 + Level 3.5 Armour
 + Level 3.6 Shields


You had one spell level left.
You didn't know any spells.
Your spell library was empty.

Dungeon Overview and Level Annotations

Branches:
Dungeon (2/15)

Altars:
Sif Muna

Shops:
D:1 (

Annotations:
D:1 Sigmund


Innate Abilities, Weirdness & Mutations

You are immune to sickness and miasma.
Your stone body is resilient. (AC +2)
You are immune to poison.
You resist negative energy. (rN+)
You are resistant to electric shocks. (rElec)
You are resistant to unholy torment.
You are immune to petrification.


Message History

Level annotation: Sigmund
Found a stone staircase leading down.
There is a stone staircase leading up here.
Found a scroll labelled IRIBBO ZAJAO.
Found a stone staircase leading down.
Sigmund casts a spell.
Sigmund flickers and vanishes!
Deactivating autopickup; reactivate with Ctrl-A.
Something hits you.
There is a stone staircase leading up here.
You climb upwards.
Reactivating autopickup.
There is a stone staircase leading down here.
Something hits you.
Deactivating autopickup; reactivate with Ctrl-A.
You hear some strange, mumbled words.
A puff of flame appears from out of thin air!
The puff of flame misses you.
A puff of flame appears from out of thin air!
The puff of flame hits you!
* * * LOW HITPOINT WARNING * * *
A magic dart appears from out of thin air!
The magic dart hits you.
* * * LOW HITPOINT WARNING * * *
As you read the scroll labelled QYUVEH XURETE, it crumbles to dust.
It is a scroll of enchant armour.
Your +0 scale mail glows green for a moment.
It was a potion of curing.
You feel better.
There is a strange disturbance nearby!
You hear some strange, mumbled words.
Something tries to affect you, but you resist.
You closely miss something. Something hits you.
You hit something but do no damage. Something hits you but does no damage.
You hit something but do no damage. You thump something! Something hits you.
* * * LOW HITPOINT WARNING * * *
You closely miss something. Something hits you.
* * * LOW HITPOINT WARNING * * *
You closely miss something. You block something's attack.
You barely miss something. Something hits you.
You die...

.P.## #.##...........#......
#≈P.# ####.##.#####...#.#...+##
#≈.P# #.......# #...#.#.#.#..
##≈.## #.......# #...#.#.#.#.'
.#P≈.# #......)#########.#.#.#.#
.##.≈#######.##....#......#.#.#.#
..#P≈P#......##...........#.#.#.#
.##.≈.#########....#.....##.#.#.#
##P.≈.## #.@{.#.....#....#.'
#PPP≈.P########....#.....#....#..
.PP≈.PP##...)....###.....#....'##
###≈#####.######.# #.....#.......
............#....# #>....#.......
#....##.#.......####.....#.....†.
#....##.#......>#.........).##.##
#....##.........#...........##.##
#....####.......#...........##.##


There were no monsters in sight!

Vanquished Creatures
  2 endoplasms (D:1)
  3 giant cockroaches (D:1)
  2 goblins (D:1)
  A hobgoblin (D:1)
  3 ball pythons (D:1)
  2 bats (D:1)
  2 frilled lizards (D:1)
  3 kobolds (D:1)
  4 rats (D:1)
22 creatures vanquished.

Notes
Turn   | Place    | Note
-------+----------+-------------------------------------------
     0 | D:1      | Dabor the Gargoyle Fighter began the quest for the Orb.
     0 | D:1      | Reached XP level 1. HP: 14/14 MP: 1/1
   291 | D:1      | Found Qaitou's Weapon Emporium.
   444 | D:1      | Reached XP level 2. HP: 19/19 MP: 2/2
  1287 | D:1      | Found a faded altar of an unknown god.
  1293 | D:1      | Prayed at the altar of an unknown god.
  1293 | D:1      | Became a worshipper of Sif Muna the Loreminder
  1293 | D:1      | Reached * piety under Sif Muna
  1294 | D:1      | Fell from the grace of Sif Muna
  1320 | D:2      | Noticed Sigmund
  1488 | D:1      | Slain by Sigmund

Illustrated notes

Levels and vault maps discovered:
D:1:      co_arrival_square_in_a_square_in_a_square, layout_basic, serial_shops,
          nicolae_shop_waterfront, shapermc_ecumenical_altar_hornbeckon,
          minivault_11
D:2:      layout_rooms, minmay_fractal_squares_5, uniq_sigmund

Action                   || total
-------------------------++-------
Melee: Flail             ||    63
Invok: Renounce Religion ||     1
  Use: Scroll            ||     1
       Potion            ||     1
Armor: Scale mail        ||    27
Dodge: Dodged            ||    33
Block: Buckler           ||    16

Table legend: (Time is in decaauts)
 A = Elapsed time spent in this place.
 B = Non-inter-level travel time spent in this place.
 C = Inter-level travel time spent in this place.
 D = Time resting spent in this place.
 E = Time spent auto-exploring this place.
 F = Levels seen in this place.
 G = Mean time per level.
                   A        B        C        D        E       F      G
               +--------+--------+--------+--------+--------+-----+--------+
         Total |   1515 |   1488 |     27 |     94 |   1180 |   2 |  757.5 |
       Dungeon |   1515 |   1488 |     27 |     94 |   1180 |   2 |  757.5 |
               +--------+--------+--------+--------+--------+-----+--------+

Top non-repeatable levels by time:
     D:1: 1499 daAuts
     D:2: 15 daAuts
